 Dungeon Crawl Stone Soup version 0.19.1-1-g22dce08 (webtiles) character file.

12886 PossumBlood the Severer (level 11, -5/104 HPs)
             Began as a Minotaur Fighter on Dec 30, 2016.
             Was a High Priest of Okawaru.
             Killed from afar by a starcursed mass (7 damage)
             ... with an accursed screaming
             ... on level 3 of the Abyss.
             The game lasted 00:23:31 (9729 turns).

PossumBlood the Severer (Minotaur Fighter)          Turns: 9729, Time: 00:23:32

Health: -5/104     AC: 18    Str: 24      XL:     11   Next: 68%
Magic:  14/17      EV:  7    Int:  3 (5)  God:    Okawaru [*****.]
Gold:   605        SH:  8    Dex: 13      Spells: 0 memorised, 10 levels left

rFire  x . .     SeeInvis .     G - +8 war axe of Hepliaklqana's Hatred {elec, +Blink rN++}
rCold  . . .     Gourm    .     A - +0 plate armour
rNeg   + + +     Faith    .     y - +1 buckler of the Dragon {rF- rN++ MP+9 Stlth+}
rPois  .         Spirit   .     (helmet restricted)
rElec  .         Reflect  +     j - +0 cloak
rCorr  +         Harm     .     e - +1 pair of gloves
MR     .....                    (no boots)
Stlth  ..........               L - +2 amulet of reflection
                                K - +3 ring of dexterity
                                m - ring of resist corrosion

@: no status effects
A: retaliatory headbutt, horns 2, deterioration 1, low mp 1, no device heal 2
a: Heroism, Finesse, Renounce Religion, Evoke Blink


You were on level 3 of the Abyss.
You worshipped Okawaru.
Okawaru was extremely pleased with you.
You were not hungry.

You visited 2 branches of the dungeon, and saw 11 of its levels.
You visited the Abyss 1 time.
You also visited: Sewer.

You collected 605 gold pieces.

Inventory:

Hand Weapons
 t - a +3 hand axe of freezing
 G - the +8 war axe of Hepliaklqana's Hatred (weapon) {elec, +Blink rN++}
   (You found it on level 8 of the Dungeon)

   Occasionally, upon striking a foe, it will discharge some electrical energy
   and cause terrible harm.
   It greatly protects you from negative energy.
   It lets you blink.
Armour
 c - a +0 shield
 e - a +1 pair of gloves (worn)
 j - a +0 cloak (worn)
 y - the +1 buckler of the Dragon (worn) {rF- rN++ MP+9 Stlth+}
   (You found it on level 9 of the Dungeon)

   It makes you vulnerable to fire.
   It greatly protects you from negative energy.
   It affects your magic capacity (+9).
   It makes you more stealthy.
 A - a +0 plate armour (worn)
Jewellery
 m - a ring of resist corrosion (left hand)
 u - a +2 ring of dexterity
 I - an uncursed amulet of guardian spirit
 K - a +3 ring of dexterity (right hand)
 L - a +2 amulet of reflection (around neck)
Wands
 d - a wand of flame (6/48)
 i - a wand of flame (30/48)
 s - a wand of iceblast (5/15)
 E - a wand of polymorph (14/24)
 M - a wand of iceblast (9/15)
Scrolls
 k - 8 scrolls of identify
 l - a scroll of teleportation
 n - a scroll of blinking
 o - 4 scrolls of fear
 r - a scroll of fog
 x - 2 scrolls of remove curse
Potions
 a - a potion of ambrosia {unknown}
 h - 2 potions of agility
 p - a potion of resistance
 q - a potion of lignification
 v - 2 potions of brilliance
 C - 2 potions of flight
 J - a potion of haste
Books
 w - a book of Minor Magic

   Spells                             Type                      Level
   a - Magic Dart                     Conjuration                  1
   b - Blink                          Translocation                2
   c - Call Imp                       Summoning                    2
   d - Repel Missiles                 Charms/Air                   2
   e - Slow                           Hexes                        2
   f - Conjure Flame                  Conjuration/Fire             3
   g - Mephitic Cloud                 Conjuration/Poison/Air       3
 B - a book of Maledictions

   Spells                             Type                      Level
   a - Corona                         Hexes                        1
   b - Ensorcelled Hibernation        Hexes/Ice                    2
   c - Confuse                        Hexes                        3
   d - Tukima's Dance                 Hexes                        3
   e - Dazzling Spray                 Conjuration/Hexes            3
 F - a book of Air

   Spells                             Type                      Level
   a - Shock                          Conjuration/Air              1
   b - Swiftness                      Charms/Air                   2
   c - Repel Missiles                 Charms/Air                   2
   d - Static Discharge               Conjuration/Air              3
   e - Lightning Bolt                 Conjuration/Air              5
 H - a book of Flames

   Spells                             Type                      Level
   a - Flame Tongue                   Conjuration/Fire             1
   b - Throw Flame                    Conjuration/Fire             2
   c - Conjure Flame                  Conjuration/Fire             3
   d - Inner Flame                    Hexes/Fire                   3
   e - Sticky Flame                   Conjuration/Fire             4
   f - Fireball                       Conjuration/Fire             5
 P - a book of Conjurations

   Spells                             Type                      Level
   a - Magic Dart                     Conjuration                  1
   b - Searing Ray                    Conjuration                  2
   c - Dazzling Spray                 Conjuration/Hexes            3
   d - Fulminant Prism                Conjuration/Hexes            4
   e - Iskenderun's Mystic Blast      Conjuration                  4
   f - Iskenderun's Battlesphere      Conjuration/Charms           5
Comestibles
 b - a beef jerky
 f - 2 bread rations
 g - a meat ration
 D - a slice of pizza
 O - 6 royal jellies


   Skills:
 + Level 12.0 Fighting
 - Level 16.0 Axes
 + Level 10.2 Armour
 - Level 3.6 Shields


You had 10 spell levels left.
You didn't know any spells.

Dungeon Overview and Level Annotations

Branches:
Dungeon (10/15)            Temple (1/1) D:7             Orc (0/2) D:9
   Lair: D:8-11

Altars:
Ashenzari
Cheibriados
Dithmenos
Elyvilon
Fedhas
Gozag
Hepliaklqana
Kikubaaqudgha
Makhleb
Nemelex Xobeh
Okawaru
Qazlal
Ru
Sif Muna
Trog
Uskayaw
Vehumet
Xom
Yredelemnul
Zin
The Shining One

Shops:
D:5 }


Innate Abilities, Weirdness & Mutations

You reflexively headbutt those who attack you in melee.
You have a pair of horns on your head.
[Your body sometimes deteriorates upon taking damage.]
[Your magical capacity is low. (-10% MP)]
[Potions and wands are poor at restoring your health.]


Message History

The thrashing horror roars!
The thrashing horror barely misses you. You furiously retaliate!
You headbutt the thrashing horror!
The thrashing horror tramples you but does no damage.
The thrashing horror roars!
The thrashing horror tramples you but does no damage. x2
The starcursed mass shrieks in your mind.
* * * LOW HITPOINT WARNING * * *
The thrashing horror closely misses you.
You furiously retaliate!
You headbutt the thrashing horror! The thrashing horror tramples you.
* * * LOW HITPOINT WARNING * * *
You hold your ground!
The thrashing horror roars!
The thrashing horror closely misses you.
The thrashing horror tramples you.
* * * LOW HITPOINT WARNING * * *
You stumble backwards!
A starcursed mass splits.
The starcursed mass shrieks in your mind.
You die...

.. ..... # .# #...#
#. . ....##
.#..#.#.... ...
...#.#...##...
#..#........##.
#..#....# ...##....
##.#...@##.#..#..
.#.
.....##X..#........
## #..
#...#.#...#..#... .
. #...##........ ..#
. #...#...###.##.. #
.. #.. ##X......# #.
# .
#...X..$..#...#.#.#.
##.#.#.#..#...#....
...#.####.#..## .##


You could see a starcursed mass and a thrashing horror.

Vanquished Creatures
  Snorg (D:10)
  3 thrashing horrors (Abyss:3)
  A wretched star (Abyss:3)
  Pikel (D:4)
  The ghost of Dolanko the Carver, a novice DrGl of Makhleb (D:5)
  2 hellwings (D:8)
  A queen bee (D:10)
  A two-headed ogre (D:9)
  2 hippogriffs (D:8)
  Sigmund (D:6)
  Eustachio (D:4)
  Menkaure (D:4)
  A hungry ghost (D:8)
  4 wargs (D:9)
  Duvessa (D:4)
  3 ice beasts
  3 orc warriors
  A black bear (D:6)
  A phantom (D:6)
  4 ogres
  A hornet zombie (D:8)
  3 sky beasts
  2 centaurs
  2 big kobolds (D:7)
  6 bullfrogs
  A gnoll sergeant (D:3)
  2 wyvern zombies
  3 scorpions
  Dowan (D:4)
  17 killer bees
  A water moccasin skeleton (D:4)
  3 wights (D:6)
  3 howler monkeys
  2 centaur skeletons
  4 centaur zombies
  3 hounds
  2 jellies
  6 orc wizards
  4 gnoll shamans (D:3)
  3 orc priests
  A bullfrog skeleton (D:5)
  Natasha (thrice) (D:3)
  3 iguanas
  4 worker ants
  41 gnolls (D:3)
  8 river rats
  15 adders
  9 shadow imps
  An ooze (D:4)
  An adder skeleton (D:5)
  2 worms
  3 dart slugs
  5 leopard geckos
  44 orcs
  7 bats
  7 giant cockroaches
  8 goblins
  6 hobgoblins
  32 jackals
  9 quokkas
  7 ball pythons
  7 frilled lizards
  29 kobolds
  32 rats
  2 plants (D:3)
389 creatures vanquished.

Vanquished Creatures (others)
  2 fungi (D:10)
  A plant (D:10)
3 creatures vanquished.

Grand Total: 392 creatures vanquished

Notes
Turn   | Place    | Note
-------+----------+-------------------------------------------
     0 | D:1      | PossumBlood the Minotaur Fighter began the quest for the Orb.
     0 | D:1      | Reached XP level 1. HP: 19/19 MP: 0/0
    60 | D:1      | Reached skill level 3 in Axes
    79 | D:1      | Reached XP level 2. HP: 22/27 MP: 1/1
   644 | D:2      | Reached skill level 4 in Axes
   644 | D:2      | Reached XP level 3. HP: 33/33 MP: 2/2
  1009 | D:2      | Reached XP level 4. HP: 40/40 MP: 3/3
  1308 | D:3      | Reached skill level 5 in Axes
  1559 | D:3      | Noticed Natasha
  1563 | D:3      | Killed Natasha
  1563 | D:3      | Reached XP level 5. HP: 45/47 MP: 4/4
  1608 | D:3      | Noticed Natasha
  1614 | D:3      | Killed Natasha
  1614 | D:3      | Reached skill level 5 in Fighting
  1622 | D:3      | Noticed Natasha
  1634 | D:3      | Killed Natasha
  1634 | D:3      | Reached skill level 6 in Axes
  2156 | D:3      | Reached XP level 6. HP: 26/56 MP: 5/5
  2491 | D:3      | Reached skill level 7 in Axes
  2610 | D:3      | Reached XP level 7. HP: 49/63 MP: 6/6
  2616 | D:3      | Reached skill level 8 in Axes
  3330 | D:3      | Reached skill level 9 in Axes
  3723 | D:4      | Noticed Dowan
  3732 | D:4      | Killed Dowan
  3747 | D:4      | Noticed Duvessa
  3753 | D:4      | Killed Duvessa
  3753 | D:4      | Reached XP level 8. HP: 55/73 MP: 7/7
  3757 | D:4      | Noticed Menkaure
  3762 | D:4      | Killed Menkaure
  3779 | D:4      | Noticed Eustachio
  3837 | D:4      | Killed Eustachio
  3837 | D:4      | Reached skill level 10 in Axes
  4451 | D:4      | Noticed Pikel
  4459 | D:4      | Killed Pikel
  4459 | D:4      | Reached skill level 11 in Axes
  4520 | D:4      | Reached XP level 9. HP: 80/82 MP: 8/8
  4609 | D:5      | Entered Level 5 of the Dungeon
  4661 | D:5      | Noticed Dolanko's ghost (novice DrGl)
  4683 | D:5      | Killed Dolanko's ghost
  4683 | D:5      | Reached skill level 12 in Axes
  4825 | D:5      | Found Bomuk's Gadget Shop.
  5231 | D:5      | Found a glowing drain.
  5235 | Sewer    | Entered a sewer
  5727 | D:6      | Noticed Sigmund
  5760 | D:6      | Reached skill level 10 in Fighting
  5762 | D:6      | Reached skill level 13 in Axes
  5796 | D:6      | Killed Sigmund
  6833 | D:7      | Reached XP level 10. HP: 92/94 MP: 9/9
  7080 | D:7      | Found a staircase to the Ecumenical Temple.
  7093 | Temple   | Entered the Ecumenical Temple
  7201 | Temple   | Became a worshipper of Warmaster Okawaru
  7359 | D:7      | Found a glowing golden altar of the Shining One.
  7598 | D:8      | Reached skill level 14 in Axes
  7713 | D:8      | Reached skill level 5 in Armour
  7758 | D:8      | Reached * piety under Okawaru
  7778 | D:8      | Reached ** piety under Okawaru
  7778 | D:8      | Reached skill level 15 in Axes
  7854 | D:8      | Reached *** piety under Okawaru
  8030 | D:8      | Got a smoking war axe
  8031 | D:8      | Identified the +8 war axe of Hepliaklqana's Hatred {elec, +Blink rN++} (You found it on level 8 of the Dungeon)
  8331 | D:9      | Got a distressingly furry buckler
  8342 | D:9      | Identified the +1 buckler of the Dragon {rF- rN++ MP+9 Stlth+} (You found it on level 9 of the Dungeon)
  8414 | D:9      | Reached XP level 11. HP: 93/101 MP: 10/10
  8521 | D:9      | Found a hide-covered altar of Uskayaw.
  8582 | D:9      | Found a staircase to the Orcish Mines.
  9031 | D:10     | Entered Level 10 of the Dungeon
  9067 | D:10     | Reached skill level 16 in Axes
  9074 | D:10     | Noticed Snorg
  9079 | D:10     | Killed Snorg
  9079 | D:10     | Reached **** piety under Okawaru
  9591 | D:10     | Noticed a wizard
  9593 | D:10     | Cast into level 3 of the Abyss (a wizard)
  9602 | Abyss:3  | Noticed a thrashing horror
  9606 | Abyss:3  | Noticed a thrashing horror
  9610 | Abyss:3  | Noticed a wretched star
  9614 | Abyss:3  | Killed a thrashing horror
  9619 | Abyss:3  | Killed a thrashing horror
  9619 | Abyss:3  | Reached ***** piety under Okawaru
  9628 | Abyss:3  | Killed a wretched star
  9688 | Abyss:3  | Noticed a thrashing horror
  9688 | Abyss:3  | Noticed a thrashing horror
  9695 | Abyss:3  | Killed a thrashing horror
  9695 | Abyss:3  | Reached skill level 10 in Armour
  9717 | Abyss:3  | HP: 5/104 [thrashing horror (6)]
  9726 | Abyss:3  | Noticed a starcursed mass
  9728 | Abyss:3  | HP: 5/104 [thrashing horror (4)]
  9729 | Abyss:3  | HP: 2/104 [thrashing horror (3)]
  9729 | Abyss:3  | Killed from afar by a starcursed mass

Skill      XL: |  1  2  3  4  5  6  7  8  9 10 11 |
---------------+----------------------------------+-----
Axes           | 3 4 5 6 7 9 11 13 15 16 | 16.0
Fighting       | 4 5 6 7 8 10 12 | 12.0
Armour         | 4 7 10 | 10.2
Shields        | |  3.6

Action                   |  1- 3 |  4- 6 |  7- 9 | 10-12 || total
-------------------------+-------+-------+-------+-------++-------
Melee: War axe           |    75 |   179 |   249 |   119 ||   622
       Headbutt          |     9 |    32 |    86 |    85 ||   212
       Hand axe          |       |       |   173 |   229 ||   402
Invok: Heroism           |       |       |       |     1 ||     1
       Finesse           |       |       |       |     1 ||     1
  Use: Scroll            |     4 |     5 |     3 |     3 ||    15
       Potion            |     2 |     4 |     4 |    15 ||    25
  Eat: Meat ration       |       |     1 |     2 |     1 ||     4
       Bread ration      |       |     1 |       |     1 ||     2
       Fruit             |       |       |     1 |     2 ||     3
       Royal jelly       |       |       |       |     1 ||     1
Armor: Scale mail        |    40 |    96 |   103 |       ||   239
       Plate armour      |       |       |    13 |   232 ||   245
Dodge: Dodged            |    31 |    55 |    75 |    96 ||   257
Block: Shield            |    34 |   101 |   158 |    86 ||   379
       Buckler           |       |       |       |    32 ||    32
